 Dungeon Crawl Stone Soup version 0.31.0-12-g77e489cdc1 (webtiles) character file.

Game seed: 12181936204890428882

48 spaghetti the Slasher (level 3, 0/23 HPs)
             Began as a Tengu Berserker on Mar 8, 2024.
             Was a Believer of Trog.
             Slain by Robin
             ... wielding a +0 trident
              (4 damage)
             ... on level 2 of the Dungeon.
             The game lasted 00:01:18 (865 turns).

spaghetti the Slasher (Tengu Berserker)              Turns: 865, Time: 00:01:19

Health: 0/23       AC:  2    Str: 17    XL:     3   Next: 72%
Magic:  4/4        EV: 12    Int:  7    God:    Trog [**....]
Gold:   38         SH:  0    Dex: 15    Spells: 2/2 levels left

rFire   . . .        h - +0 longbow
rCold   . . .        (shield currently unavailable)
rNeg    . . .        b - +0 animal skin
rPois   .            (helmet restricted)
rElec   .            (no cloak)
rCorr   .            (no gloves)
SInv    .            (boots unavailable)
Will    .....        (no amulet)
Stlth   +            (no ring)
HPRegen 0.23/turn    (no ring)
MPRegen 0.09/turn

%: acrobat
@: no status effects
A: beak, talons 3, acrobatic
a: Renounce Religion, Berserk, Trog's Hand


You were on level 2 of the Dungeon.
You worshipped Trog.
Trog was pleased with you.
You visited 1 branch of the dungeon, and saw 2 of its levels.

You collected 38 gold pieces.

Inventory:

Hand Weapons
 a - a +0 falchion
 h - a +0 longbow (weapon)
Armour
 b - a +0 animal skin (worn)
Jewellery
 d - a ring of willpower
Wands
 i - a wand of polymorph (7)
Scrolls
 e - a scroll of torment
 g - a scroll of fear
Potions
 k - a potion of resistance {unknown}


   Skills:
 - Level 3.0 Fighting
 - Level 4.2 Long Blades
 + Level 2.4 Ranged Weapons
 - Level 2.1 Armour
 - Level 2.1 Dodging


You had 2 spell levels left.
You didn't know any spells.
Your spell library was empty.

Dungeon Overview and Level Annotations

Branches:
Dungeon (2/15)

Altars:
Wu Jian

Annotations:
D:2 Robin


Innate Abilities, Weirdness & Mutations

You have a beak for a mouth.
You have claws for feet.
You can magically evade attacks while moving or waiting.


Message History

Fire: h) +0 longbow
Press: ? - help, Q - select action, (/) - cycle Shift-Dir - straight line, f/p - Robin
Aim: Robin, wielding a +0 trident, wearing a +0 animal skin and wearing a +0 helmet (65% to hit)
You shoot an arrow. The arrow hits Robin.
Robin is heavily wounded.
Robin hits you from afar with a +0 trident!
Robin barely misses you.
Fire: h) +0 longbow
Press: ? - help, Q - select action, (/) - cycle Shift-Dir - straight line, f/p - Robin
Aim: Robin, wielding a +0 trident, wearing a +0 animal skin and wearing a +0 helmet (heavily wounded, 65% to hit)
You shoot an arrow. The arrow barely misses Robin.
The arrow hits the goblin.
You kill the goblin!
Trog accepts your kill. Robin closely misses you.
Fire: h) +0 longbow
Press: ? - help, Q - select action, (/) - cycle Shift-Dir - straight line, f/p - Robin
Aim: Robin, wielding a +0 trident, wearing a +0 animal skin and wearing a +0 helmet (heavily wounded, 65% to hit)
You shoot an arrow. The arrow barely misses Robin.
The arrow barely misses the goblin.
Robin hits you from afar with a +0 trident.
Robin throws the goblin at you!
Fire: h) +0 longbow
Press: ? - help, Q - select action, (/) - cycle Shift-Dir - straight line, f/p - Robin
Aim: Robin, wielding a +0 trident, wearing a +0 animal skin and wearing a +0 helmet (heavily wounded, 65% to hit)
You shoot an arrow. The arrow hits Robin!
Robin is almost dead.
Robin barely misses you. The goblin barely misses you.
Unknown command.
Unknown command.
Fire: h) +0 longbow
Press: ? - help, Q - select action, (/) - cycle Shift-Dir - straight line, f/p - Robin
Aim: Robin, wielding a +0 trident, wearing a +0 animal skin and wearing a +0 helmet (almost dead, 65% to hit)
You shoot an arrow. The arrow hits Robin.
Robin is almost dead.
Robin hits you from afar with a +0 trident.
* * * LOW HITPOINT WARNING * * *
The goblin closely misses you. x2
Robin hits you from afar with a +0 trident.
You die...
Robin lets out a smug laugh.

#. .# #. $# ..#.# .#
..#.# #<#### ..#.#
))...#
..#.#############g....##
..............<.).._...#
.#............>.@......#
.#...###.#######g......#
.....# #.# #.......#
##..## #.# #########
.)..# #.# ##.## #.# #.#
#.# #.# #.# #.#. #.#


You could see Robin and a goblin (strong).

Vanquished Creatures
  An adder (D:2)
  A dart slug (D:1)
  An orc (D:2)
  2 ball pythons (D:1)
  3 endoplasms
  2 giant cockroaches
  10 goblins
  4 hobgoblins
  A quokka (D:1)
  2 bats
  2 kobolds (D:2)
  2 rats
31 creatures vanquished.

Notes
Turn   | Place    | Note
-------+----------+-------------------------------------------
     0 | D:1      | spaghetti the Tengu Berserker began the quest for the Orb.
     0 | D:1      | Reached XP level 1. HP: 14/14 MP: 2/2
   257 | D:1      | Reached XP level 2. HP: 11/19 MP: 3/3
   258 | D:1      | Reached skill level 4 in Long Blades
   600 | D:1      | You fall into a shaft and drop 1 floor!
   711 | D:2      | Reached skill level 1 in Ranged Weapons
   756 | D:2      | Reached XP level 3. HP: 15/23 MP: 4/4
   842 | D:2      | Found an ornate altar of the Wu Jian Council.
   849 | D:2      | Noticed Robin
   851 | D:2      | Reached ** piety under Trog
   865 | D:2      | Slain by Robin

Illustrated notes

Levels and vault maps discovered:
D:1:      kilobyte_arrival_exit_the_forest, layout_basic
D:2:      layout_loops_ring, basic_altar, minmay_tetromino_i4, uniq_robin

Skill      XL: |  1  2  3 |
---------------+----------+-----
Long Blades    | 4 |  4.2
Ranged Weapons | 1 2 |  2.4
Fighting       | |  3.0
Armour         | |  2.1
Dodging        | |  2.1

Action                     || total
---------------------------++-------
  Melee: Falchion          ||    24
         Peck              ||     3
         Kick              ||     2
   Fire: Longbow           ||    48
    Use: Potion            ||     2
         Scroll            ||     2
 Armour: Animal skin       ||    30
         Skin              ||     8
  Dodge: Dodged            ||    33
